 Dungeon Crawl Stone Soup version 0.29.1-2-gbd0b4ee654 (webtiles) character file.

Game seed: 2545535873362385241

1042 DildoBatman the Magician (level 8, -5/58 HPs)
             Began as a Formicid Conjurer on Nov 15, 2022.
             Engulfed by a steam dragon's steam (10 damage)
             ... on level 7 of the Dungeon.
             The game lasted 00:09:49 (3768 turns).

DildoBatman the Magician (Formicid Conjurer)        Turns: 3768, Time: 00:09:49

Health: -5/58      AC: 10    Str: 23    XL:     8   Next: 49%
Magic:  18/18      EV: 12    Int: 18    God:
Gold:   228        SH:  0    Dex: 14    Spells: 17/20 levels left

rFire   . . .      SeeInvis +   b - +6 spear "Ijahebau" {vorpal, Str+5}
rCold   . . .      Faith    .   (no shield)
rNeg    . . .      Spirit   .   p - +0 acid dragon scales
rPois   .          Reflect  .   (helmet unavailable)
rElec   .          Harm     .   i - +0 cloak
rCorr   +          Rampage  .   (no gloves)
Will    .....                   j - +1 pair of boots
Stlth   ++........              (no amulet)
HPRegen 0.19/turn               o - +6 ring of strength
MPRegen 0.16/turn               u - ring of resist corrosion

@: no status effects
A: permanent stasis, dig shafts and tunnels, antennae 3, four strong arms
a: Dig, Shaft Self


You were on level 7 of the Dungeon.
You visited 2 branches of the dungeon, and saw 8 of its levels.

You collected 228 gold pieces.

Inventory:

Hand Weapons
 a - a +0 sling
 b - the +6 spear "Ijahebau" (weapon) {vorpal, Str+5}
   (You found it on level 3 of the Dungeon)

   It inflicts extra damage upon your enemies.
   Str:       It affects your strength (+5).
Missiles
 g - 62 stones
 h - 4 poisoned darts
Armour
 i - a +0 cloak (worn)
 j - a +1 pair of boots (worn)
 p - +0 acid dragon scales (worn)
Jewellery
 o - a +6 ring of strength (left hand)
 u - a ring of resist corrosion (right hand)
Scrolls
 c - a scroll of noise {unknown}
 d - 3 scrolls of summoning
 e - 2 scrolls of immolation {unknown}
 f - a scroll of vulnerability {unknown}
 k - 3 scrolls of identify {unknown}
 l - 3 scrolls of enchant weapon {unknown}
 n - 3 scrolls of poison {unknown}
 s - a scroll of fear {unknown}
 w - a scroll of amnesia {unknown}
 y - a scroll of blinking {unknown}
Potions
 m - a potion of magic
 q - 2 potions of brilliance {unknown}
 r - 3 potions of attraction {unknown}
 t - a potion of lignification {unknown}
 v - a potion of resistance
 x - a potion of curing {unknown}
 z - a potion of berserk rage {unknown}
 A - a potion of heal wounds {unknown}


   Skills:
 - Level 3.0 Fighting
 - Level 1.0 Polearms
 - Level 3.0 Armour
 - Level 2.0 Dodging
 - Level 2.4 Stealth
 * Level 6.6 Spellcasting
 - Level 6.0 Conjurations


You had 17 spell levels left.
You knew the following spells:

 Your Spells              Type           Power      Damage    Failure   Level
a - Searing Ray           Conj           54%        2d6       1%          2
c - Magic Dart            Conj           100%       1d8       1%          1

Your spell library contained the following spells:

 Spells                   Type           Power      Damage    Failure   Level
 Dazzling Flash           Conj/Hex       32%        N/A       12%         3
 Fulminant Prism          Conj/Hex       8%         3d7       36%         4
 Iskenderun's Mystic Bla  Conj/Tloc      16%        2d5       36%         4


Dungeon Overview and Level Annotations

Branches:
Dungeon (7/15)             Temple (1/1) D:4

Altars:
Ashenzari
Cheibriados
Dithmenos
Elyvilon
Gozag
Hepliaklqana
Qazlal
Ru
Trog
Uskayaw
Vehumet
Xom
Yredelemnul
The Shining One

Annotations:
D:4 Ijyb


Innate Abilities, Weirdness & Mutations

You cannot be hasted, slowed, berserked, paralysed or teleported.
You can dig through walls and to a lower floor.
You have a pair of large antennae on your head. (SInv)
Your four strong arms can wield two-handed weapons with a shield.


Message History

Orders for allies: a - Attack new target. r - Retreat! s - Stop attacking. g - Guard the area. f - Follow me.
Anything else - Cancel.
You shout for attention!
The orc hits you but does no damage.
The orc hits you with a +1 vorpal flail!
The orc hits you with a +0 hand axe. The orc closely misses you.
The steam dragon breathes steam at you. The ball of steam hits you!
The orc hits you with a +0 war axe! What are your orders? t - Shout!
Orders for allies: a - Attack new target. r - Retreat! s - Stop attacking. g - Guard the area. f - Follow me.
Anything else - Cancel.
You shout for attention!
The steam dragon misses you. The steam dragon closely misses you.
The orc hits you with a +0 hand axe.
The orc is engulfed in a cloud of scalding steam.
The orc dies!
The orc is engulfed in a cloud of scalding steam.
The orc dies!
The orc is engulfed in a cloud of scalding steam.
The orc closely misses you.
The orc wizard casts a spell.
The orc wizard flickers and vanishes for a moment.
The orc closely misses you. What are your orders? t - Shout!
Orders for allies: a - Attack new target. r - Retreat! s - Stop attacking. g - Guard the area. f - Follow me.
Anything else - Cancel.
You shout for attention!
You are engulfed in a cloud of scalding steam.
You die...

#.#..
#....###
.##...o..##
..........#
..........#
.<....ooo.#
......§D§o#
......o@o.#
......§§§.#
...##.§§....#
# ####§...#
....# #####


You could see a steam dragon (catching breath), an orc priest, an orc wizard
(invisible) and 5 orcs.

Vanquished Creatures
  A wyvern (D:4)
  An ice beast (D:5)
  2 ogres (D:4)
  A necrophage (D:5)
  2 scorpions (D:5)
  A howler monkey (D:5)
  2 hounds
  2 orc priests
  3 iguanas
  5 gnolls
  3 adders
  A shadow imp (D:5)
  An ufetubus (D:5)
  2 dart slugs (D:1)
  2 worms (D:2)
  13 orcs
  7 bats
  7 endoplasms
  5 giant cockroaches
  11 goblins
  12 hobgoblins
  7 jackals
  2 quokkas
  12 ball pythons
  3 frilled lizards (D:2)
  7 kobolds
  7 rats
122 creatures vanquished.

Vanquished Creatures (others)
  2 orcs (D:7)
2 creatures vanquished.

Grand Total: 124 creatures vanquished

Notes
Turn   | Place    | Note
-------+----------+-------------------------------------------
     0 | D:1      | DildoBatman the Formicid Conjurer began the quest for the
                  | Orb.
     0 | D:1      | Reached XP level 1. HP: 13/13 MP: 3/3
    14 | D:1      | Reached XP level 2. HP: 19/19 MP: 0/5
    17 | D:1      | Learned a level 2 spell: Searing Ray
   290 | D:1      | Reached XP level 3. HP: 24/24 MP: 0/6
  1108 | D:2      | Reached skill level 5 in Conjurations
  1108 | D:2      | Reached XP level 4. HP: 28/30 MP: 2/7
  2108 | D:3      | Identified the +6 spear "Ijahebau" {vorpal, Str+5}
  2119 | D:3      | Reached XP level 5. HP: 35/35 MP: 8/8
  2532 | D:3      | Reached skill level 1 in Armour
  2766 | D:4      | Noticed an ogre
  2823 | D:4      | Reached skill level 1 in Fighting
  2829 | D:4      | Reached skill level 1 in Polearms
  2868 | D:4      | Reached XP level 6. HP: 43/43 MP: 9/9
  2954 | D:4      | Noticed an ogre
  2972 | D:4      | Noticed Ijyb
  3083 | D:4      | Noticed a wyvern
  3100 | D:4      | Killed a wyvern
  3101 | D:4      | Reached XP level 7. HP: 41/51 MP: 1/10
  3213 | D:4      | Found a staircase to the Ecumenical Temple.
  3224 | Temple   | Entered the Ecumenical Temple
  3430 | D:5      | Entered Level 5 of the Dungeon
  3540 | D:5      | Reached XP level 8. HP: 57/58 MP: 15/15
  3568 | D:5      | Reached skill level 5 in Spellcasting
  3639 | D:5      | Found an opulent altar of Gozag.
  3723 | D:5      | You fall into a shaft and drop 1 floor!
  3737 | D:6      | Found a broken altar of Ashenzari.
  3743 | D:6      | You fall into a shaft and drop 1 floor!
  3768 | D:7      | Engulfed by a steam dragon's steam

Illustrated notes

Levels and vault maps discovered:
D:1:      pf_arrival_petrified_forest, layout_basic, nicolae_hexahallways,
          hangedman_abyss_or_decor_stabs, due_unseen_surprise
D:2:      wander_river, layout_basic, hangedman_decor_peaks_small,
          nrook_mini_vaults, hangedman_abyss_or_decor_lesser_grid
D:3:      minmay_chambers_of_threes, layout_loops_cross
D:4:      layout_basic, minmay_temple_entry_gardened_gates, uniq_ijyb
D:5:      layout_rooms, grunt_gozag_statues
D:6:      layout_rooms, nicolae_ashenzari_panopticon,
          grunt_temple_overflow_diamond
D:7:      layout_rooms, serial_shops, nicolae_shop_behind_doors, uniq_menkaure,
          uniq_prince_ribbit1
Temple:   hellmonk_temple_two_chambers

Skill      XL: |  1  2  3  4  5  6  7  8 |
---------------+-------------------------+-----
Conjurations   | 4 5 6 |  6.0
Dodging        | 2 |  2.0
Armour         | 1 3 |  3.0
Fighting       | 1 2 3 |  3.0
Polearms       | 1 |  1.0
Spellcasting   | 4 6 |  6.6
Stealth        | |  2.4

Action                   |  1- 3 |  4- 6 |  7- 9 || total
-------------------------+-------+-------+-------++-------
Melee: Club              |    14 |       |       ||    14
       Spear             |       |    86 |    55 ||   141
       Punch             |       |     2 |     1 ||     3
 Fire: Sling             |     2 |    73 |     8 ||    83
 Cast: Magic Dart        |    33 |    10 |     3 ||    46
       Searing Ray       |     6 |     7 |     9 ||    22
 Abil: Dig               |     1 |       |     2 ||     3
       Shaft Self        |       |       |     2 ||     2
Armor: Robe              |     4 |     1 |       ||     5
       Acid dragon scale |       |    40 |    40 ||    80
Dodge: Dodged            |    22 |    67 |    75 ||   164
